 Dungeon Crawl Stone Soup version 0.23.1-37-gaa34b87 (console) character file.

Game seed: 5149403556548330512

60 fly the Slasher (level 4, -9/28 HPs)
             Began as a Tengu Fighter on Mar 27, 2019.
             Mangled by an ogre
             ... wielding a +0 giant club
              (11 damage)
             ... on level 3 of the Dungeon.
             The game lasted 00:08:41 (1786 turns).

fly the Slasher (Tengu Fighter)                     Turns: 1786, Time: 00:08:42

Health: -9/28      AC:  6    Str: 16    XL:     4   Next: 4%
Magic:  5/5        EV:  6    Int:  8    God:
Gold:   146        SH:  8    Dex: 15    Spells: 3/3 levels left

rFire    . . .     SeeInvis .   b - +4 dagger (venom)
rCold    . . .     Gourm    .   v - +0 shield
rNeg     . . .     Faith    .   y - +0 scale mail (curse)
rPois    .         Spirit   .   (helmet restricted)
rElec    .         Reflect  .   (no cloak)
rCorr    +         Harm     .   (no gloves)
MR       .....                  (boots unavailable)
Stlth    ..........             (no amulet)
HPRegen  0.09/turn              n - ring of resist corrosion
MPRegen  0.09/turn              (no ring)

@: heavily drained
A: beak, talons 3
a: no special abilities


You were on level 3 of the Dungeon.
You were not hungry.

You visited 1 branch of the dungeon, and saw 3 of its levels.

You collected 146 gold pieces.

Inventory:

Hand Weapons
 a - a +0 long sword
 b - a +4 dagger of venom (weapon)
Armour
 v - a +0 shield (worn)
 y - a cursed +0 scale mail (worn)
Jewellery
 n - a ring of resist corrosion (left hand)
Scrolls
 e - 3 scrolls of remove curse {unknown}
 h - 2 scrolls of immolation {unknown}
 i - a scroll of fear {unknown}
 j - a scroll of identify {unknown}
Potions
 c - a potion of resistance {unknown}
 d - 2 potions of might
 g - a potion of mutation {unknown}
 k - a potion of ambrosia {unknown}
 l - a potion of invisibility {unknown}
 m - a potion of heal wounds {unknown}
 o - 2 potions of berserk rage {unknown}
Comestibles
 f - 3 rations
 p - a chunk of flesh


   Skills:
 - Level 3.0(1.4) Fighting
 - Level 4.0(2.4) Long Blades
 - Level 3.2(1.7) Armour
 + Level 1.9(0.4) Dodging
 - Level 3.0(1.4) Shields


You had 3 spell levels left.
You didn't know any spells.
Your spell library was empty.

Dungeon Overview and Level Annotations

Branches:
Dungeon (3/15)

Altars:
Gozag
Qazlal


Innate Abilities, Weirdness & Mutations

You have a beak for a mouth.
You have claws for feet.


Message History

You barely miss the ogre. You claw the ogre!
You peck the ogre, but do no damage.
The ogre is moderately wounded.
You block the ogre's attack.
Unknown command.
You see here a fuming cyan potion.
You closely miss the ogre. Your kick misses the ogre.
You peck the ogre, but do no damage.
The ogre is moderately wounded.
Unknown command.
You hit the ogre. You claw the ogre.
The ogre is heavily wounded.
The ogre hits you with a +0 giant club!!
Ouch! That really hurt!
* * * LOW HITPOINT WARNING * * *
Unknown command.
You hit the ogre. You claw the ogre!
The ogre is almost dead.
The ogre hits you with a +0 giant club!
You die...

#...... #.....##
#.#....#### .
#.#........
..####.#........
................
.......#........
.......@O.......
.......#<.....?.
.......###+##...
....... .
....... .......
....... .......


You could see an ogre.

Vanquished Creatures
  An adder (D:2)
  A dart slug (D:2)
  3 leopard geckos
  A ball python (D:1)
  A giant cockroach (D:1)
  3 goblins
  9 hobgoblins
  A quokka (D:2)
  7 bats
  2 frilled lizards (D:1)
  4 kobolds
  14 rats
47 creatures vanquished.

Vanquished Creatures (others)
  4 toadstools (D:1)
4 creatures vanquished.

Grand Total: 51 creatures vanquished

Notes
Turn   | Place    | Note
-------+----------+-------------------------------------------
     0 | D:1      | fly the Tengu Fighter began the quest for the Orb.
     0 | D:1      | Reached XP level 1. HP: 14/14 MP: 2/2
   194 | D:1      | Reached skill level 3 in Long Blades
   194 | D:1      | Reached XP level 2. HP: 19/19 MP: 3/3
   726 | D:1      | Reached XP level 3. HP: 23/23 MP: 4/4
   943 | D:2      | Reached skill level 4 in Long Blades
  1312 | D:2      | Reached skill level 1 in Dodging
  1507 | D:2      | Found an opulent altar of Gozag.
  1514 | D:2      | Found a stormy altar of Qazlal.
  1560 | D:2      | Reached XP level 4. HP: 27/28 MP: 5/5
  1780 | D:3      | Noticed an ogre
  1786 | D:3      | Mangled by an ogre

Skill      XL: |  1  2  3 |
---------------+----------+-----
Long Blades    | 3 4 |  4.0
Dodging        | 1 |  1.9
Fighting       | |  3.0
Armour         | |  3.2
Shields        | |  3.0

Action                   |  1- 3 |  4- 6 || total
-------------------------+-------+-------++-------
Melee: Long sword        |    75 |       ||    75
       Kick              |    23 |     4 ||    27
       Peck              |    16 |     2 ||    18
       Dagger            |    19 |     7 ||    26
  Eat: Chunk             |     2 |     1 ||     3
Armor: Scale mail        |    37 |       ||    37
Dodge: Dodged            |    22 |       ||    22
Block: Shield            |    35 |     2 ||    37
       Rpst.: Long sword |     6 |       ||     6
